 Dungeon Crawl Stone Soup version 0.22-a0-469-gf26638a (webtiles) character file.

5448 waterploufplouf the Slicer (level 10, 0/76 HPs)
             Began as a Vampire Assassin on June 6, 2018.
             Was a Believer of Kikubaaqudgha.
             Incinerated by Vajrapani's ghost (4 damage)
             ... with a sticky flame
             ... on level 8 of the Dungeon on June 12, 2018.
             The game lasted 01:32:57 (12926 turns).

waterploufplouf the Slicer (Vampire Assassin)      Turns: 12926, Time: 01:32:58

Health: 0/76       AC:  0    Str: 11    XL:     10   Next: 41%
Magic:  14/15      EV: 25    Int: 14    God:    Kikubaaqudgha [**....]
Gold:   350        SH:  0    Dex: 23    Spells: 12/15 levels left

rFire    . . .     SeeInvis +   (weapon currently unavailable)
rCold    + . .     Gourm    .   (shield currently unavailable)
rNeg     + + .     Faith    .   (armour currently unavailable)
rPois    +         Spirit   .   (helmet currently unavailable)
rElec    .         Reflect  .   (cloak currently unavailable)
rCorr    .         Harm     .   (gloves currently unavailable)
MR       +....                  (boots currently unavailable)
Stlth    +++.......             (no amulet)
HPRegen  0.11/turn              (ring currently unavailable)
MPRegen  0.14/turn              (ring currently unavailable)

@: liquid flames, bat-form, flying, regenerating slowly, glowing, very quick
A: tiny, fangs 3, see invisible, MP-powered wands
a: End Transformation, Receive Corpses, Renounce Religion


You were on level 8 of the Dungeon.
You worshipped Kikubaaqudgha.
Kikubaaqudgha was pleased with you.
You were near bloodless.
You were in vampire-bat-form.
You visited 2 branches of the dungeon, and saw 10 of its levels.
You also visited: Sewer and Ossuary.

You collected 585 gold pieces.
You spent 235 gold pieces at shops.

Inventory:

Hand Weapons
 a - a +3 dagger
 b - a +0 blowgun
 l - a +1 scimitar of flaming
 S - a +2 short sword of speed (melded)
Missiles
 c - 2 tomahawks
 e - 8 poisoned needles
 f - 2 curare-tipped needles
 m - 7 needles of paralysis
 u - 7 steel tomahawks (quivered)
 K - a throwing net
Armour
 d - a +1 cloak (melded)
 i - a +0 helmet (melded)
 y - a +2 troll leather armour (melded) {Purgy}
 G - a +0 pair of gloves (melded)
 N - a +1 pair of boots (melded)
 R - a scarf of spirit shield
 T - a +1 robe of magic resistance
Magical Staves
 p - an uncursed staff of cold
Wands
 r - a wand of digging (14)
 s - a wand of flame (11)
 t - a wand of polymorph (7)
 L - a wand of acid (8)
Scrolls
 j - 2 scrolls of enchant weapon
 k - 2 scrolls of blinking
 v - a scroll of noise
 w - 2 scrolls of amnesia
 C - 3 scrolls of teleportation
 D - 3 scrolls of fear
 E - 4 scrolls of remove curse
 I - a scroll of vulnerability
 J - a scroll of fog
 M - a scroll of torment {unknown}
 O - a scroll of magic mapping
Potions
 g - 5 potions of agility
 h - 2 potions of brilliance
 o - a potion of lignification
 x - 2 potions of haste
 z - 2 potions of flight
 A - 2 potions of curing
 B - 2 potions of magic
 F - a potion of invisibility
 H - a potion of mutation
 P - a potion of might
 Q - a potion of resistance {unknown}


   Skills:
 + Level 6.2 Fighting
 + Level 10.6 Short Blades
 - Level 1.5 Throwing
 - Level 5.1 Dodging
 - Level 10.2 Stealth
 * Level 3.4 Spellcasting
 - Level 5.2 Hexes
 - Level 5.0 Necromancy
 - Level 1.2 Evocations


You had 12 spell levels left.
You knew the following spells:

 Your Spells              Type           Power        Failure   Level  Hunger
a - Animate Skeleton      Necr           N/A          2%          1    #......
b - Confusing Touch       Hex            ###...       2%          1    #......
c - Pain                  Necr           ###.         2%          1    #......

Your spell library contained the following spells:

 Spells                   Type           Power        Failure   Level  Hunger
 Apportation              Tloc           #.....       21%         1    #......
 Summon Small Mammal      Summ           #...         21%         1    #......
 Regeneration             Chrm/Necr      #.........   22%         3    ###....
 Sublimation of Blood     Necr           ###.......   4%          2    ##.....
 Corpse Rot               Necr           N/A          4%          2    ##.....


Dungeon Overview and Level Annotations

Branches:
Dungeon (9/15)             Temple (1/1) D:4            Lair (0/6) D:8
    Orc (0/2) D:9

Altars:
Ashenzari
Cheibriados
Dithmenos
Elyvilon
Fedhas
Gozag
Hepliaklqana
Kikubaaqudgha
Makhleb
Nemelex Xobeh
Okawaru
Qazlal
Ru
Sif Muna
Trog
Uskayaw
Vehumet
Wu Jian
Xom
Yredelemnul
Zin
The Shining One

Shops:
D:4 !   D:7 *

Annotations:
D:4 pyroka's ghost, amateur GnWz
D:5 Pikel; opiumtea's ghost, amateur DEFE
D:8 Vajrapani's ghost, novice OpFE


Innate Abilities, Weirdness & Mutations

You heal slowly.
You have razor-sharp teeth.
You have supernaturally acute eyesight. (SInv)
((You can survive without breathing.))
((You are partially covered in icy blue scales. (AC +2)))
((You are partially covered in slimy green scales. (AC +2)))
You expend magic power (3 MP) to strengthen your wands.


Message History

* * * LOW HITPOINT WARNING * * *
You are covered in liquid flames!
* * * LOW HITPOINT WARNING * * *
You are covered in liquid flames!
You are covered in liquid flames!
* * * LOW HITPOINT WARNING * * *
You are covered in liquid flames!
* * * LOW HITPOINT WARNING * * *
You see here 14 sling bullets.
You are covered in liquid flames!
* * * LOW HITPOINT WARNING * * *
Okay, then.
You feel better.
You are covered in liquid flames!
* * * LOW HITPOINT WARNING * * *
You are covered in liquid flames!
* * * LOW HITPOINT WARNING * * *
You are covered in liquid flames!
You die...
Kikubaaqudgha rasps: "You have failed me!
Welcome... oblivion!"

# #...'#.#'...###..
#.8...#.#...8.###.
#.._..#.#.._.)# #.
#.8.8.#.#.8.8.###.
#####...##.##...###..
##..######...#####....
#....##.....####......
####.............##...
## #.b#.........####..
#.##..###......## ##.
#....# ##....## ##
#...(# ##..## # ##..##
##.## # #.W# ##..### #
####F## #.....#####.
#.....#####...........
#####..##...#........#


You could see a bullfrog and Vajrapani's ghost.

Vanquished Creatures
  Erica (D:8)
  Psyche (D:8)
  Grinder (D:5)
  A hornet (D:8)
  A hippogriff (D:8)
  Sigmund (D:5)
  2 yaks
  Menkaure (D:7)
  A warg (D:8)
  3 sky beasts
  2 orc warriors
  2 black bears
  A slave (D:5)
  Purgy (Sewer)
  2 ice beasts
  A phantom (D:9)
  3 ogres
  A hornet zombie (D:7)
  An eye of draining (D:9)
  A centaur (D:6)
  4 bullfrogs
  5 scorpions
  A water moccasin skeleton (D:6)
  A howler monkey (D:4)
  5 crimson imps
  A jelly (D:9)
  A bullfrog zombie (D:8)
  A hound (D:7)
  2 orc wizards (D:8)
  3 centaur skeletons
  5 orc priests
  2 bullfrog skeletons
  6 worker ants
  8 mummies (Ossuary)
  13 adders
  A howler monkey skeleton (D:7)
  3 shadow imps
  An adder zombie (D:7)
  2 adder skeletons
  4 worms
  3 dart slugs
  2 leopard geckos
  13 orcs
  4 ball pythons
  4 bats
  3 giant cockroaches
  4 goblins
  13 hobgoblins
  17 jackals
  11 kobolds
  3 quokkas
  8 frilled lizards
  A gnoll zombie (Ossuary)
  2 hobgoblin zombies (Ossuary)
  A jackal zombie (D:6)
  4 kobold zombies (Ossuary)
  An orc zombie (Ossuary)
  5 rats
196 creatures vanquished.

Notes
Turn   | Place    | Note
-------+----------+-------------------------------------------
     0 | D:1      | waterploufplouf the Vampire Assassin began the quest for the Orb.
     0 | D:1      | Reached XP level 1. HP: 16/16 MP: 1/1
   194 | D:1      | Reached XP level 2. HP: 22/22 MP: 2/2
   793 | D:2      | Reached XP level 3. HP: 27/27 MP: 3/3
  1293 | D:2      | Reached XP level 4. HP: 27/34 MP: 4/4
  2009 | D:3      | Upgraded the game from 0.22-a0-456-g11ed031 to 0.22-a0-467-g5c5de1c
  2260 | D:3      | You fall through a shaft!
  2275 | D:4      | Reached XP level 5. HP: 18/39 MP: 5/5
  2852 | D:4      | Found a radiant altar of Vehumet.
  3748 | D:3      | Reached XP level 6. HP: 17/46 MP: 6/6
  4581 | D:4      | Found Rirghiohu's Distillery.
  4599 | D:4      | Bought a potion of heal wounds for 60 gold pieces
  4599 | D:4      | Bought a potion of lignification for 36 gold pieces
  4602 | D:4      | Noticed pyroka's ghost (amateur GnWz)
  5274 | D:5      | Entered Level 5 of the Dungeon
  5350 | D:5      | Found a glowing golden altar of the Shining One.
  5474 | D:5      | Noticed opiumtea's ghost (amateur DEFE)
  5641 | D:5      | Reached XP level 7. HP: 44/52 MP: 7/7
  5680 | D:5      | Noticed Pikel
  5762 | D:4      | Upgraded the game from 0.22-a0-467-g5c5de1c to 0.22-a0-469-gf26638a
  5825 | D:4      | Found a staircase to the Ecumenical Temple.
  5836 | Temple   | Entered the Ecumenical Temple
  5949 | Temple   | Became a worshipper of Kikubaaqudgha
  6087 | D:6      | Reached skill level 10 in Stealth
  6130 | D:5      | Noticed Grinder
  6132 | D:5      | Noticed Sigmund
  6407 | D:6      | Found a glowing drain.
  6424 | Sewer    | Entered a sewer
  6484 | Sewer    | Noticed Purgy
  6531 | Sewer    | Killed Purgy
  6531 | Sewer    | Reached skill level 5 in Short Blades
  7239 | D:6      | Reached XP level 8. HP: 46/60 MP: 8/8
  7677 | D:6      | Reached skill level 5 in Dodging
  8013 | D:7      | Reached skill level 1 in Evocations
  8094 | D:7      | Learned a level 1 spell: Animate Skeleton
  8096 | D:7      | Learned a level 1 spell: Confusing Touch
  8498 | D:7      | Found Viwk's Assorted Antiques.
  8507 | D:7      | Bought a pair of gloves for 139 gold pieces
  8522 | D:7      | Noticed Menkaure
  8527 | D:7      | Killed Menkaure
  8527 | D:7      | Reached skill level 1 in Hexes
  8557 | D:7      | Reached * piety under Kikubaaqudgha
  8557 | D:7      | Identified Kikubaaqudgha's Compendium of Evil (Kikubaaqudgha gifted it to you on level 7 of the Dungeon)
  8557 | D:7      | Received a gift from Kikubaaqudgha
  8563 | D:7      | Learned a level 1 spell: Pain
  8662 | D:7      | Reached skill level 5 in Fighting
  8662 | D:7      | Reached skill level 1 in Necromancy
  8713 | D:7      | Reached XP level 9. HP: 67/68 MP: 9/9
  9486 | D:5      | Killed Sigmund
  9500 | D:5      | Killed Grinder
 10010 | D:8      | Noticed Psyche
 10067 | D:8      | Reached skill level 5 in Hexes
 10118 | D:8      | Found a sand-covered staircase.
 10128 | Ossuary  | Entered an ossuary
 10148 | Ossuary  | Reached ** piety under Kikubaaqudgha
 10355 | D:8      | Noticed Vajrapani's ghost (novice OpFE)
 10773 | D:8      | Found a stormy altar of Qazlal.
 10773 | D:8      | Found an ornate altar of the Wu Jian Council.
 10852 | D:8      | Found a snail-covered altar of Cheibriados.
 10888 | D:8      | Found a shimmering altar of Xom.
 11175 | D:8      | Reached skill level 1 in Spellcasting
 11295 | D:8      | Killed Psyche
 11330 | D:8      | Noticed Erica
 11341 | D:8      | Killed Erica
 11341 | D:8      | Reached skill level 10 in Short Blades
 11341 | D:8      | Reached XP level 10. HP: 76/76 MP: 11/13
 11600 | D:8      | Gained mutation: You are partially covered in slimy green scales. (AC +2) [potion of mutation]
 11600 | D:8      | Gained mutation: You are partially covered in icy blue scales. (AC +2) [potion of mutation]
 11600 | D:8      | Gained mutation: You expend magic power (3 MP) to strengthen your wands. [potion of mutation]
 11754 | D:8      | Found a staircase to the Lair.
 12346 | D:9      | Reached skill level 5 in Necromancy
 12926 | D:8      | Incinerated by Vajrapani's ghost

Vault maps used:
D:1:      elethiomel_arrival_quiet
D:2:      solitary_fountain
D:4:      vehumet_altar_wand_db, minmay_temple_entry_poolview, first_ration,
          serial_shops, nicolae_shop_window_shopping
D:5:      lemuel_coloured_pillars_altar, uniq_pikel, uniq_sigmund, uniq_grinder
D:6:      cheibrodos_sewer_entry_drain
D:7:      minmay_cornered_nines, serial_shops,
          nicolae_shop_temple_entry_statues_fountains, grunt_ogre_cave,
          uniq_menkaure
D:8:      grunt_temple_overflow_cloverleaf, erik_lair_orcish_takeover,
          serial_shops, shop, enter_ossuary_2, kennysheep_generic_room_7,
          uniq_erica, uniq_psyche
D:9:      david_orc_2
Temple:   kb_temple_of_zot
Sewer:    sewer_co_purgy_island
Ossuary:  ossuary_tomb_3

Skill      XL: |  1  2  3  4  5  6  7  8  9 10 |
---------------+-------------------------------+-----
Stealth        | 6 7 8 9 10 | 10.2
Fighting       | 2 3 5 6 |  6.2
Short Blades   | 3 4 5 7 10 | 10.6
Dodging        | 2 3 4 5 |  5.1
Evocations     | 1 |  1.2
Hexes          | 3 5 |  5.2
Necromancy     | 1 4 5 |  5.0
Spellcasting   | 2 3 |  3.4
Throwing       | |  1.5

Action                   |  1- 3 |  4- 6 |  7- 9 | 10-12 || total
-------------------------+-------+-------+-------+-------++-------
Melee: Dagger            |   110 |   254 |   573 |    40 ||   977
       Bite              |    11 |    24 |    71 |    18 ||   124
       Unarmed           |       |       |     1 |       ||     1
       Short sword       |       |       |       |   133 ||   133
 Fire: Blowgun           |       |     2 |     2 |       ||     4
Throw: Tomahawk          |       |     6 |     4 |       ||    10
 Cast: Confusing Touch   |       |       |     2 |       ||     2
       Pain              |       |       |     2 |       ||     2
 Abil: Bat Form          |       |     3 |     8 |     3 ||    14
       End Transformatio |       |     3 |     8 |     2 ||    13
Evoke: Wand              |       |       |     2 |       ||     2
  Use: Potion            |     2 |     7 |    17 |     6 ||    32
       Scroll            |     2 |     8 |     7 |     2 ||    19
 Stab: Sleeping          |     8 |    18 |    16 |     7 ||    49
       Distracted        |     1 |     1 |     2 |     1 ||     5
       Invisible         |       |       |     2 |       ||     2
  Eat: Corpse            |       |       |     4 |     1 ||     5
Armor: Robe              |    20 |    47 |    36 |       ||   103
       Troll leather arm |       |       |    72 |    30 ||   102
Dodge: Dodged            |    46 |   120 |   336 |    63 ||   565

Table legend:
 A = Spawn XP
 B = Non-spawn XP
 C = Spawn XP percentage of total XP
 D = Spawn monster count
 E = Non-spawn monster count
 F = Spawn count percentage of total count
 G = Total turns spent on level
                    A         B        C        D         E        F      G
               +---------+---------+-------+---------+---------+-------+---------
         Total |       0 |    7784 |   0.0 |       0 |     195 |   0.0 | 12926
               +---------+---------+-------+---------+---------+-------+---------
           D:1 |       0 |      38 |   0.0 |       0 |      22 |   0.0 |   785
           D:2 |       0 |      84 |   0.0 |       0 |      26 |   0.0 |  1281
           D:3 |       0 |     209 |   0.0 |       0 |      23 |   0.0 |  2091
           D:4 |       0 |     126 |   0.0 |       0 |      11 |   0.0 |  1285
           D:5 |       0 |     950 |   0.0 |       0 |      20 |   0.0 |  1242
           D:6 |       0 |     769 |   0.0 |       0 |      17 |   0.0 |  1395
           D:7 |       0 |    1448 |   0.0 |       0 |      20 |   0.0 |  1567
           D:8 |       0 |    3057 |   0.0 |       0 |      19 |   0.0 |  2081
           D:9 |       0 |     788 |   0.0 |       0 |      12 |   0.0 |   483
         Sewer |       0 |     165 |   0.0 |       0 |       9 |   0.0 |   373
       Ossuary |       0 |     150 |   0.0 |       0 |      16 |   0.0 |   207
               +---------+---------+-------+---------+---------+-------+---------
